 Dungeon Crawl Stone Soup version 0.30-a0-341-g682706514a (webtiles) character file.

Game seed: 2775350530319996458

487 Ijustatesigmund the Firebug (level 6, -2/44 HPs)
             Began as a Demonspawn Fire Elementalist on Nov 5, 2022.
             Was an Initiate of Makhleb.
             Slain by a vampire (11 damage)
             ... on level 6 of the Dungeon.
             The game lasted 00:08:26 (4710 turns).

Ijustatesigmund the Firebug (DsFE)                  Turns: 4710, Time: 00:08:26

Health: -2/44      AC:  3    Str:  8    XL:     6   Next: 89%
Magic:  11/11      EV: 12    Int: 18    God:    Makhleb [......]
Gold:   153        SH:  0    Dex: 14    Spells: 9/12 levels left

rFire   . . .      SeeInvis .    c - +2 short sword (elec)
rCold   . . .      Faith    .    (no shield)
rNeg    . . .      Spirit   .    a - +0 robe
rPois   .          Reflect  +    (no helmet)
rElec   .          Harm     .    f - +0 cloak
rCorr   .          Rampage  .    (no gloves)
Will    .....                    (no boots)
Stlth   +.........               d - amulet of reflection
HPRegen 0.27/turn                (no ring)
MPRegen 0.24/turn                (no ring)

@: confused, ambrosia-drunk
A: hooves 1, demonic guardian 1, magic regeneration
a: Renounce Religion


You were on level 6 of the Dungeon.
You worshipped Makhleb.
Makhleb was noncommittal.
You visited 1 branch of the dungeon, and saw 6 of its levels.

You collected 153 gold pieces.

Inventory:

Hand Weapons
 c - a +2 short sword of electrocution (weapon)
Armour
 a - a +0 robe (worn)
 f - a +0 cloak (worn)
 o - a +0 tower shield
Magical Staves
 j - a staff of conjuration
Jewellery
 d - an amulet of reflection (around neck)
Wands
 l - a wand of polymorph (9)
Scrolls
 m - a scroll of fog
 n - 3 scrolls of teleportation
 p - 2 scrolls of brand weapon
 r - 2 scrolls of identify
 s - 2 scrolls of fear
 t - a scroll of torment
 x - a scroll of noise {unknown}
 y - a scroll of blinking
Potions
 b - 2 potions of magic
 e - a potion of berserk rage
 g - 2 potions of might
 h - 2 potions of invisibility
 i - a potion of flight
 k - 2 potions of curing
 q - a potion of cancellation
 u - 2 potions of mutation
 v - a potion of heal wounds {unknown}


   Skills:
 - Level 2.2 Fighting
 - Level 1.7 Dodging
 - Level 1.7 Stealth
 + Level 3.7 Spellcasting
 + Level 3.6 Conjurations
 + Level 4.2 Fire Magic
 + Level 3.1 Invocations


You had 9 spell levels left.
You knew the following spells:

 Your Spells              Type           Power      Damage    Failure   Level
a - Foxfire               Conj/Fire      68%        2x1d7     3%          1
b - Scorch                Fire           36%        2d6       4%          2

Your spell library contained the following spells:

 Spells                   Type           Power      Damage    Failure   Level
 Inner Flame              Hex/Fire       11%        N/A       19%         3
 Kindle Blastsparks       Fire/Tloc/Air  16%        2d11      26%         3
 Flame Wave               Conj/Fire      17%        2d7       30%         4
 Ozocubu's Armour         Ice            3%         N/A       41%         3
 Alistair's Intoxication  Tmut/Pois      2%         N/A       99%         5
 Metabolic Englaciation   Hex/Ice        1%         N/A       99%         5
 Simulacrum               Ice/Necr       1%         N/A       100%        6
 Statue Form              Tmut/Erth      2%         N/A       100%        6


Dungeon Overview and Level Annotations

Branches:
Dungeon (6/15)             Temple (0/1) D:5

Altars:
Kikubaaqudgha
Makhleb
Okawaru
Wu Jian


Innate Abilities, Weirdness & Mutations

You have large cloven feet.
A weak demonic guardian rushes to your aid.
You regenerate magic rapidly.


Message History

Something draws strength from your injuries!
Unknown command.
Your foxfire dissipates!
Your quasit completely misses the jelly.
Your quasit claws the jelly.
Your quasit is burned by acid!
Your quasit claws the jelly.
The acid corrodes your quasit!
Your quasit is burned by acid!
You miss something. Your kick misses something.
Your quasit barely misses the jelly.
Your quasit claws the jelly.
Your quasit is burned by acid!
Your quasit claws the jelly.
Your quasit is burned by acid!
Something hits you! Something bites you!
* * * LOW HITPOINT WARNING * * *
Something draws strength from your injuries!
It was a potion of ambrosia.
You are confused.
You feel invigorated.
Your quasit bites the jelly.
Your quasit is burned by acid!
Your quasit barely misses the jelly.
Your quasit claws the jelly.
Your quasit is burned by acid!
Something hits you.
* * * LOW HITPOINT WARNING * * *
Something bites you.
* * * LOW HITPOINT WARNING * * *
Something draws strength from your injuries!
The jelly misses your quasit.
Okay, then.
You are too confused!
Unknown command.
You bump into the rock wall.
Your quasit bites the jelly.
Your quasit is burned by acid!
Your quasit dies!
Your quasit disappears in a puff of smoke!
Something hits you.
* * * LOW HITPOINT WARNING * * *
Something completely misses you.
You bump into the rock wall.
Something hits you!
You die...

#..##.##############
#..................#
#.###.############.#
#. #.# #.# #. #.#
#.# .. #.# #.# ..
#.# #.# ...
#.############.#
#§J{@..........#
#..#############
........# ##.####.#
#.# #.# #.# #.# #.#


You could see a jelly.

Vanquished Creatures
  A black bear (D:6)
  Blork the orc (D:5)
  2 scorpions
  Crazy Yiuf (D:2)
  An iguana (D:5)
  5 adders
  A white imp (D:5)
  An ufetubus (D:5)
  2 worms (D:2)
  5 dart slugs
  6 orcs
  6 endoplasms
  2 giant cockroaches
  4 goblins
  6 hobgoblins
  2 jackals (D:1)
  4 quokkas
  8 ball pythons
  8 bats
  A frilled lizard (D:1)
  5 kobolds
  8 rats
80 creatures vanquished.

Vanquished Creatures (others)
  273 foxfires
  7 fungi (D:5)
  A plant (D:5)
  4 toadstools (D:5)
285 creatures vanquished.

Grand Total: 365 creatures vanquished

Notes
Turn   | Place    | Note
-------+----------+-------------------------------------------
     0 | D:1      | Ijustatesigmund the Demonspawn Fire Elementalist began the
                  | quest for the Orb.
     0 | D:1      | Reached XP level 1. HP: 13/13 MP: 3/3
   153 | D:1      | Gained mutation: You regenerate magic rapidly. [demonic
                  | ancestry]
   153 | D:1      | Reached XP level 2. HP: 20/20 MP: 1/5
   156 | D:1      | Learned a level 2 spell: Scorch
   267 | D:1      | Found a faded altar of an unknown god.
   438 | D:1      | Reached skill level 1 in Fighting
   561 | D:1      | Reached skill level 3 in Fire Magic
   609 | D:2      | Gained mutation: A weak demonic guardian rushes to your
                  | aid. [demonic ancestry]
   609 | D:2      | Reached XP level 3. HP: 25/26 MP: 2/6
  1004 | D:2      | Found a runed translucent door.
  1005 | D:2      | Noticed Crazy Yiuf
  1014 | D:2      | Killed Crazy Yiuf
  1015 | D:2      | Reached XP level 4. HP: 23/33 MP: 5/8
  1409 | D:2      | Got the Grimoire of Foul Variation
  1905 | D:3      | Found an ancient bone altar of Kikubaaqudgha.
  1967 | D:3      | Reached XP level 5. HP: 38/38 MP: 7/9
  2606 | D:3      | Found a burning altar of Makhleb.
  2609 | D:3      | Found an ornate altar of the Wu Jian Council.
  2611 | D:3      | Found an iron altar of Okawaru.
  2664 | D:3      | Became a worshipper of Makhleb the Destroyer
  3450 | D:5      | Entered Level 5 of the Dungeon
  3545 | D:5      | Found a staircase to the Ecumenical Temple.
  3554 | D:5      | Noticed Blork the orc
  3567 | D:5      | Killed Blork the orc
  3568 | D:5      | Reached skill level 1 in Invocations
  3626 | D:5      | Gained mutation: You have large cloven feet. [demonic
                  | ancestry]
  3626 | D:5      | Reached XP level 6. HP: 44/44 MP: 6/11
  3838 | D:5      | Reached skill level 4 in Fire Magic
  4694 | D:6      | Noticed a vampire
  4710 | D:6      | Slain by a vampire

Illustrated notes

Levels and vault maps discovered:
D:1:      dpeg_arrival_pond, layout_rooms, shapermc_ecumenical_altar_mp_vishouse
D:2:      layout_rooms, uniq_crazy_yiuf_cottage
D:3:      layout_basic, mainiacjoe_overflow_24_doors,
          grunt_temple_overflow_diamond
D:4:      layout_cave_pods
D:5:      layout_basic, minmay_temple_entry_gardened_gates,
          chequers_serial_rivers_room_b, minmay_gold_behind_fungi, uniq_pikel,
          uniq_blork_the_orc
D:6:      layout_loops_ring, kennysheep_generic_room_8

Skill      XL: |  1  2  3  4  5  6 |
---------------+-------------------+-----
Fighting       | 1 2 |  2.2
Fire Magic     | 3 4 |  4.2
Conjurations   | 2 3 |  3.6
Spellcasting   | 3 |  3.7
Invocations    | 2 3 |  3.1
Dodging        | |  1.7
Stealth        | |  1.7

Action                   |  1- 3 |  4- 6 || total
-------------------------+-------+-------++-------
Melee: Unarmed           |    10 |       ||    10
       Short sword       |       |    14 ||    14
       Kick              |       |     3 ||     3
 Cast: Foxfire           |    66 |    97 ||   163
       Scorch            |     5 |    15 ||    20
  Use: Scroll            |     2 |    13 ||    15
       Potion            |       |     1 ||     1
Armor: Robe              |    25 |    10 ||    35
       Skin              |     1 |       ||     1
Dodge: Dodged            |    64 |    28 ||    92
Block: Other             |    30 |    10 ||    40
       Reflection        |       |     1 ||     1

Table legend: (Time is in decaauts)
 A = Elapsed time spent in this place.
 B = Non-inter-level travel time spent in this place.
 C = Inter-level travel time spent in this place.
 D = Time resting spent in this place.
 E = Time spent auto-exploring this place.
 F = Levels seen in this place.
 G = Mean time per level.
                   A        B        C        D        E       F      G
               +--------+--------+--------+--------+--------+-----+--------+
         Total |   4708 |   4568 |    140 |    796 |   3038 |   6 |  784.7 |
       Dungeon |   4708 |   4568 |    140 |    796 |   3038 |   6 |  784.7 |
               +--------+--------+--------+--------+--------+-----+--------+

Top non-repeatable levels by time:
     D:3: 1041 daAuts
     D:1: 831 daAuts
     D:2: 809 daAuts
     D:5: 792 daAuts
     D:4: 766 daAuts
     D:6: 466 daAuts
